APL (24 & UNDER)
DETROIT DIRTY SNOW @ PENSACOLA PILOTS
09/06/2026
 
TOP OF THE 1ST
Detroit Dirty Snow batting - Pitching for Pensacola Pilots : RHP Micheal Wood
Pitching: RHP Micheal Wood
Batting: SHB Bob Noble 0-0: Ball
1-0: Ball
2-0: Called Strike
2-1: Called Strike
2-2: Ground out 2-3 (Groundball, 2L)
Batting: RHB Cristo Souza 0-0: Swinging Strike
0-1: Ball
1-1: Foul Ball, location: 2F
1-2: Ball
2-2: Foul Ball, location: 2F
2-2: DOUBLE (Flyball, 7LM)
Batting: LHB Eric Powell 0-0: Ball
1-0: SINGLE (Line Drive, 34)
Cristo Souza to third
Batting: SHB Tim Reid 0-0: Foul Ball, location: 2F
0-1: Swinging Strike
0-2: Ball
1-2: Foul Ball, location: 2F
1-2: Grounds out, U3 (Groundball, 3L)
Cristo Souza scores
Batting: RHB Arturo Jiménez 0-0: Foul Ball, location: 2F
0-1: Foul Ball, location: 2F
0-2: Ball
1-2: Ball
2-2: Strikes out looking
Top of the 1st over - 1 run(s), 2 hit(s), 0 error(s), 1 left on base; Detroit 1 - Pensacola 0
BOTTOM OF THE 1ST
Pensacola Pilots batting - Pitching for Detroit Dirty Snow : LHP Jason Simpson
Pitching: LHP Jason Simpson
Batting: RHB Leopoldo Horgan 0-0: Ground out 6-3 (Groundball, 56)
Batting: RHB Jeff Bergeron 0-0: Ball
1-0: Called Strike
1-1: Fly out, F8 (Flyball, 8LS)
Batting: LHB Alan McGilroy 0-0: Called Strike
0-1: Ball
1-1: Swinging Strike
1-2: Ball
2-2: Foul Ball, location: 2F
2-2: Strikes out looking
Bottom of the 1st over - 0 run(s), 0 hit(s), 0 error(s), 0 left on base; Detroit 1 - Pensacola 0
TOP OF THE 2ND
Detroit Dirty Snow batting - Pitching for Pensacola Pilots : RHP Micheal Wood
Batting: RHB Manny Perea 0-0: Foul Ball, location: 2F
0-1: Ball
1-1: SINGLE (Line Drive, 7S)
Batting: RHB Charlie O'Farrell 0-0: Swinging Strike
0-1: Ball
1-1: Grounds into double play, 6-4-3 (Groundball, 6)
Batting: SHB Alan Garland 0-0: Ball
1-0: Ball
2-0: Foul Ball, location: 2F
2-1: Called Strike
2-2: Ball
3-2: Base on Balls
Batting: RHB Phil Wright 0-0: Ball
1-0: Fly out, F3 (Popup, 3SF)
Top of the 2nd over - 0 run(s), 1 hit(s), 0 error(s), 1 left on base; Detroit 1 - Pensacola 0
BOTTOM OF THE 2ND
Pensacola Pilots batting - Pitching for Detroit Dirty Snow : LHP Jason Simpson
Batting: LHB Nick Gamble 0-0: Swinging Strike
0-1: Swinging Strike
0-2: Foul Ball, location: 2F
0-2: Strikes out looking
Batting: RHB José Velázquez 0-0: Ball
1-0: Called Strike
1-1: Foul Ball, location: 2F
1-2: Ball
2-2: Foul Ball, location: 2F
2-2: Ball
3-2: Foul Ball, location: 2F
3-2: Base on Balls
Batting: RHB Peter Bishop 0-0: Called Strike
0-1: Ball
1-1: Called Strike
1-2: Ball
2-2: Strikes out swinging
Batting: RHB Miguel Mendoza 0-0: Called Strike
0-1: Ball
1-1: Ball
2-1: SINGLE (Flyball, 7S)
José Velázquez to second
Batting: RHB Jonny Lord 0-0: Called Strike
0-1: Foul Ball, location: 2F
0-2: Ball
1-2: Ball
Wild Pitch!
José Velázquez to third
Miguel Mendoza to second
2-2: Ball
3-2: Fly out, F3 (Popup, 3DF)
Bottom of the 2nd over - 0 run(s), 1 hit(s), 0 error(s), 2 left on base; Detroit 1 - Pensacola 0
TOP OF THE 3RD
Detroit Dirty Snow batting - Pitching for Pensacola Pilots : RHP Micheal Wood
Batting: SHB Bob Noble 0-0: Fly out, F9 (Flyball, 9M)
Batting: RHB Cristo Souza 0-0: Ball
1-0: Called Strike
1-1: Ground out 5-3 (Groundball, 56)
Batting: LHB Eric Powell 0-0: Ball
1-0: Foul Ball, location: 2F
1-1: Foul Ball, location: 2F
1-2: Strikes out swinging
Top of the 3rd over - 0 run(s), 0 hit(s), 0 error(s), 0 left on base; Detroit 1 - Pensacola 0
BOTTOM OF THE 3RD
Pensacola Pilots batting - Pitching for Detroit Dirty Snow : LHP Jason Simpson
Batting: RHB José Cordero 0-0: Ball
1-0: Ball
2-0: Ball
3-0: Base on Balls
Batting: RHB Leopoldo Horgan 0-0: Called Strike
0-1: Ball
1-1: DOUBLE (Line Drive, 89M)
José Cordero to third
Batting: RHB Jeff Bergeron 0-0: Ball
1-0: Swinging Strike
1-1: Ball
2-1: Ball
3-1: Base on Balls
Batting: LHB Alan McGilroy 0-0: Ball
1-0: Called Strike
1-1: Foul Ball, location: 2F
1-2: Foul Ball, location: 2F
1-2: Ball
2-2: Foul Ball, location: 2F
2-2: Strikes out swinging
Batting: LHB Nick Gamble 0-0: Ball
1-0: Foul Ball, location: 2F
1-1: SINGLE (Groundball, 5D)
José Cordero scores
Leopoldo Horgan to third
Jeff Bergeron to second
Runner from 3rd tries for Home, throw and OUT!
Jeff Bergeron to third
Nick Gamble to second
Batting: RHB José Velázquez 0-0: Called Strike
0-1: Swinging Strike
0-2: Ground out 6-3 (Groundball, 6M)
Bottom of the 3rd over - 1 run(s), 2 hit(s), 0 error(s), 2 left on base; Detroit 1 - Pensacola 1
TOP OF THE 4TH
Detroit Dirty Snow batting - Pitching for Pensacola Pilots : RHP Micheal Wood
Batting: SHB Tim Reid 0-0: Called Strike
0-1: Called Strike
0-2: Strikes out looking
Batting: RHB Arturo Jiménez 0-0: Called Strike
0-1: Ball
1-1: Foul Ball, location: 2F
1-2: Foul Ball, location: 2F
1-2: Strikes out swinging
Batting: RHB Manny Perea 0-0: Fly out, F8 (Flyball, 8LD)
Top of the 4th over - 0 run(s), 0 hit(s), 0 error(s), 0 left on base; Detroit 1 - Pensacola 1
BOTTOM OF THE 4TH
Pensacola Pilots batting - Pitching for Detroit Dirty Snow : LHP Jason Simpson
Batting: RHB Peter Bishop 0-0: Swinging Strike
0-1: Ball
1-1: Ball
2-1: Ground out 6-3 (Groundball, 6)
Batting: RHB Miguel Mendoza 0-0: SINGLE (Line Drive, 56D)
Batting: RHB Jonny Lord 0-0: DOUBLE (Line Drive, 8RXD)
Miguel Mendoza to third
Runner from 3rd tries for Home, SAFE, no throw or cutoff
Batting: RHB José Cordero 0-0: Ball
1-0: Hit by Pitch
Batting: RHB Leopoldo Horgan 0-0: Fly out, F7 (Flyball, 7D)
Runner from 2nd tags up, SAFE at 3rd, no throw
Batting: RHB Jeff Bergeron 0-0: Ball
1-0: Ball
2-0: Ball
3-0: Called Strike
3-1: Called Strike
3-2: Strikes out swinging
Bottom of the 4th over - 1 run(s), 2 hit(s), 0 error(s), 2 left on base; Detroit 1 - Pensacola 2
TOP OF THE 5TH
Detroit Dirty Snow batting - Pitching for Pensacola Pilots : RHP Micheal Wood
Batting: RHB Charlie O'Farrell 0-0: Ground out 3-1 (Groundball, 34)
Batting: SHB Alan Garland 0-0: Called Strike
0-1: Swinging Strike
0-2: Strikes out swinging
Batting: RHB Phil Wright 0-0: Foul Ball, location: 2F
0-1: Ball
1-1: Fly out, F9 (Flyball, 9M)
Top of the 5th over - 0 run(s), 0 hit(s), 0 error(s), 0 left on base; Detroit 1 - Pensacola 2
BOTTOM OF THE 5TH
Pensacola Pilots batting - Pitching for Detroit Dirty Snow : LHP Jason Simpson
Batting: LHB Alan McGilroy 0-0: Foul Ball, location: 2F
0-1: Ball
1-1: Foul Ball, location: 2F
1-2: Fly out, F9 (Line Drive, 89S)
Batting: LHB Nick Gamble 0-0: Ground out 2-3 (Groundball, 25)
Batting: RHB José Velázquez 0-0: Ball
1-0: Called Strike
1-1: Called Strike
1-2: Foul Ball, location: 2F
1-2: Ball
2-2: Ball
3-2: Base on Balls
Pitching: RHP Dave Funk
Batting: RHB Peter Bishop 0-0: Fly out, F3 (Popup, 3SF)
Bottom of the 5th over - 0 run(s), 0 hit(s), 0 error(s), 1 left on base; Detroit 1 - Pensacola 2
TOP OF THE 6TH
Detroit Dirty Snow batting - Pitching for Pensacola Pilots : RHP Micheal Wood
Batting: SHB Bob Noble 0-0: Ball
1-0: Ball
2-0: Fly out, F8 (Flyball, 8LM)
Batting: RHB Cristo Souza 0-0: Ball
1-0: Called Strike
1-1: Swinging Strike
1-2: Ball
2-2: Ball
3-2: Foul Ball, location: 2F
3-2: Strikes out swinging
Batting: LHB Eric Powell 0-0: Ball
1-0: Ball
2-0: Called Strike
2-1: Hit by Pitch
Batting: SHB Tim Reid 0-0: Ball
1-0: Fly out, F7 (Flyball, 78M)
Top of the 6th over - 0 run(s), 0 hit(s), 0 error(s), 1 left on base; Detroit 1 - Pensacola 2
BOTTOM OF THE 6TH
Pensacola Pilots batting - Pitching for Detroit Dirty Snow : RHP Dave Funk
Batting: RHB Miguel Mendoza 0-0: Foul Ball, location: 2F
0-1: SINGLE (Flyball, 4D)
Batting: RHB Jonny Lord 0-0: Called Strike
0-1: Ball
1-1: Ball
2-1: Swinging Strike
2-2: Ball
3-2: Strikes out swinging
Miguel Mendoza steals 2nd base
Batter strikes out.
Batting: RHB José Cordero 0-0: Ball
1-0: Swinging Strike
1-1: Fly out, F8 (Flyball, 8RM)
Batting: RHB Leopoldo Horgan 0-0: Ball
Wild Pitch!
Miguel Mendoza to third
1-0: Ball
2-0: Ball
3-0: Base on Balls
Batting: RHB Jeff Bergeron 0-0: Ball
1-0: Foul Ball, location: 2F
1-1: Ball
2-1: DOUBLE (Groundball, 5L)
Miguel Mendoza scores
Leopoldo Horgan to third
Runner from 3rd tries for Home, throw and OUT!
Bottom of the 6th over - 1 run(s), 2 hit(s), 0 error(s), 1 left on base; Detroit 1 - Pensacola 3
TOP OF THE 7TH
Detroit Dirty Snow batting - Pitching for Pensacola Pilots : RHP Micheal Wood
Batting: RHB Arturo Jiménez 0-0: Ball
1-0: Swinging Strike
1-1: Foul Ball, location: 2F
1-2: SINGLE (Line Drive, 8LS)
Pitching: RHP Pedro Vargas
Batting: RHB Manny Perea 0-0: Ball
1-0: Foul Ball, location: 2F
1-1: Ball
2-1: Ball
3-1: Swinging Strike
3-2: Fly out, F7 (Flyball, 7LD)
Batting: RHB Charlie O'Farrell 0-0: Ball
1-0: Foul Ball, location: 2F
1-1: Foul Ball, location: 2F
1-2: Foul Ball, location: 2F
1-2: Fly out, F8 (Line Drive, 8RS)
Batting: SHB Alan Garland 0-0: Ball
1-0: Called Strike
1-1: Called Strike
1-2: Foul Ball, location: 2F
1-2: SINGLE (Flyball, 7LS)
Arturo Jiménez to second
Batting: RHB Phil Wright 0-0: Called Strike
0-1: Swinging Strike
0-2: Ball
1-2: Foul Ball, location: 2F
1-2: Strikes out swinging
Top of the 7th over - 0 run(s), 2 hit(s), 0 error(s), 2 left on base; Detroit 1 - Pensacola 3
BOTTOM OF THE 7TH
Pensacola Pilots batting - Pitching for Detroit Dirty Snow : RHP Dave Funk
Batting: LHB Alan McGilroy 0-0: Foul Ball, location: 2F
0-1: Ball
1-1: Called Strike
1-2: Ground out 3-1 (Groundball, 34)
Batting: LHB Nick Gamble 0-0: Called Strike
0-1: Ball
1-1: Called Strike
1-2: Foul Ball, location: 2F
1-2: Ball
2-2: Strikes out swinging
Batting: RHB José Velázquez 0-0: Ball
1-0: Called Strike
1-1: DOUBLE (Flyball, 78D)
Batting: RHB Peter Bishop 0-0: Ball
1-0: Ball
2-0: SINGLE (Line Drive, 6)
José Velázquez to third
Batting: RHB Miguel Mendoza 0-0: Called Strike
0-1: Ball
1-1: Ball
2-1: Ball
3-1: Foul Ball, location: 2F
3-2: Foul Ball, location: 2F
3-2: Foul Ball, location: 2F
3-2: Strikes out looking
Bottom of the 7th over - 0 run(s), 2 hit(s), 0 error(s), 2 left on base; Detroit 1 - Pensacola 3
TOP OF THE 8TH
Detroit Dirty Snow batting - Pitching for Pensacola Pilots : RHP Pedro Vargas
Batting: SHB Bob Noble 0-0: Called Strike
0-1: Foul Ball, location: 2F
0-2: Fly out, F8 (Flyball, 8RM)
Batting: RHB Cristo Souza 0-0: Called Strike
0-1: Ball
1-1: Called Strike
1-2: Ball
2-2: Ball
3-2: Fly out, F9 (Flyball, 89S)
Batting: LHB Eric Powell 0-0: Ball
1-0: Swinging Strike
1-1: SINGLE (Line Drive, 9S)
Batting: SHB Tim Reid 0-0: Foul Ball, location: 2F
0-1: Ball
1-1: Ball
2-1: Ball
3-1: Base on Balls
Eric Powell to second
Batting: RHB Arturo Jiménez 0-0: Called Strike
0-1: Ball
1-1: Ball
2-1: Called Strike
2-2: Ball
3-2: Foul Ball, location: 2F
3-2: Foul Ball, location: 2F
3-2: Ground out 6-3 (Groundball, 56)
Top of the 8th over - 0 run(s), 1 hit(s), 0 error(s), 2 left on base; Detroit 1 - Pensacola 3
BOTTOM OF THE 8TH
Pensacola Pilots batting - Pitching for Detroit Dirty Snow : RHP Dave Funk
Pitching: RHP Paul McFadden
Batting: RHB Jonny Lord 0-0: Ball
1-0: Called Strike
1-1: Ball
2-1: Called Strike
2-2: SINGLE (Groundball, 34)
Batting: RHB José Cordero 0-0: Bunted foul
0-1: Bunted foul
0-2: Ball
1-2: Fielders Choice at 2nd, 1-6 (Groundball, 15)
Batting: RHB Leopoldo Horgan 0-0: Ball
1-0: Ball
2-0: Ball
3-0: Called Strike
3-1: Base on Balls
José Cordero to second
Pinch Hitting: RHB Jesús Sánchez 0-0: Grounds into double play, 6-4-3 (Groundball, 6)
Bottom of the 8th over - 0 run(s), 1 hit(s), 0 error(s), 1 left on base; Detroit 1 - Pensacola 3
TOP OF THE 9TH
Detroit Dirty Snow batting - Pitching for Pensacola Pilots : RHP Pedro Vargas
Now in CF: Tony Flores
Batting: RHB Manny Perea 0-0: Called Strike
0-1: Ball
1-1: Fly out, F5 (Line Drive, 56S)
Batting: RHB Charlie O'Farrell 0-0: Foul Ball, location: 2F
0-1: Ball
1-1: Called Strike
1-2: SINGLE (Flyball, 78S)
Batting: SHB Alan Garland 0-0: Called Strike
0-1: Ball
1-1: Foul Ball, location: 2F
1-2: Ball
2-2: Foul Ball, location: 2F
2-2: Strikes out swinging
Batting: RHB Phil Wright 0-0: Swinging Strike
0-1: Swinging Strike
0-2: Ball
1-2: Strikes out swinging
Top of the 9th over - 0 run(s), 1 hit(s), 0 error(s), 1 left on base; Detroit 1 - Pensacola 3
Monday, December 5th, 2016 - OOTP Baseball 17.12 Build 75